 Dungeon Crawl Stone Soup version 0.30-a0-772-g5528072125 (webtiles) character file.

Game seed: 16739772645535774867

43143 Leeroy the Fencer (level 14, -14/84 HPs)
             Began as a Vine Stalker Warper on Feb 12, 2023.
             Was a High Priest of Wu Jian.
             Demolished by a death yak (21 damage)
             ... on level 5 of the Lair of Beasts.
             The game lasted 00:40:33 (16036 turns).

Leeroy the Fencer (Vine Stalker Warper)            Turns: 16036, Time: 00:40:33

Health: -14/84     AC: 11    Str: 15    XL:     14   Next: 22%
Magic:  0/28       EV: 15    Int: 13    God:    Wu Jian [*****.]
Gold:   611        SH:  0    Dex: 21    Spells: 17/31 levels left

rFire   x . .      SeeInvis .    E - +2 long sword (flame)
rCold   + . .      Faith    .    (no shield)
rNeg    . . .      Spirit   +    Z - +0 steam dragon scales
rPois   +          Reflect  .    q - +0 helmet
rElec   .          Harm     .    v - +1 cloak
rCorr   .          Rampage  .    f - +2 pair of gloves {Dex+3}
Will    +....                    (no boots)
Stlth   ++                       K - amulet of the acrobat
HPRegen 1.14/turn                m - ring of poison resistance
MPRegen 0.21/turn                S - ring of ice

@: on blink cooldown
A: fangs 3, regeneration 1, magic shield, antimagic bite, no potion heal 2
a: Renounce Religion, Wall Jump, Serpent's Lash, Heavenly Storm


You were on level 5 of the Lair of Beasts.
You worshipped Wu Jian.
Wu Jian was extremely pleased with you.
You visited 3 branches of the dungeon, and saw 17 of its levels.
You also visited: Ice Cave.

You collected 873 gold pieces.
You spent 262 gold pieces at shops.

Inventory:

Hand Weapons
 i - the +8 arbalest "Bocodegah" {speed, +Blink rF+ Int-5 Dex+2}
   (You found it on level 8 of the Dungeon)

   Int:       It affects your intelligence (-5).
   Dex:       It affects your dexterity (+2).
   rF:        It protects you from fire.
   +Blink:    It lets you blink.
 w - a +3 falchion of holy wrath
 E - a +2 long sword of flaming (weapon)
 Q - a +1 dagger of electrocution
 W - a +2 short sword of venom
 X - a +0 great sword of holy wrath
 Y - a +0 scimitar
Missiles
 d - 7 boomerangs of dispersal
 o - 8 curare-tipped darts
 A - 9 atropa-tipped darts
 B - 10 boomerangs
 G - 24 poisoned darts
Armour
 b - a +0 leather armour
 f - a +2 pair of gloves of dexterity (worn)
 q - a +0 helmet (worn)
 u - a +0 pair of gloves
 v - a +1 cloak (worn)
 I - a +0 plate armour
 Z - +0 steam dragon scales (worn)
Jewellery
 m - a ring of poison resistance (left hand)
 D - an amulet of reflection
 J - a ring of ice
 K - an amulet of the acrobat (around neck)
 S - a ring of ice (right hand)
Wands
 C - a wand of flame (6)
 F - a wand of paralysis (29)
 P - a wand of roots (6) (quivered)
Scrolls
 c - 3 scrolls of blinking
 g - 2 scrolls of vulnerability
 h - 2 scrolls of enchant weapon
 j - 4 scrolls of poison
 k - 8 scrolls of magic mapping
 l - 10 scrolls of teleportation
 n - a scroll of fog
 s - a scroll of fear
 y - 3 scrolls of amnesia {unknown}
 M - 3 scrolls of immolation
 O - 2 scrolls of torment
 T - a scroll of brand weapon
Potions
 a - 8 potions of curing
 e - 4 potions of flight
 p - 4 potions of attraction
 r - 4 potions of heal wounds
 t - 2 potions of lignification
 x - 5 potions of brilliance
 z - 3 potions of might
 H - a potion of mutation {unknown}
 L - 4 potions of ambrosia
 N - a potion of magic {unknown}
 R - 2 potions of invisibility {unknown}
 U - a potion of berserk rage {unknown}
 V - 3 potions of haste {unknown}


   Skills:
 - Level 14.2 Fighting
 + Level 17.1 Long Blades
 - Level 0.8 Throwing
 - Level 0.7 Armour
 - Level 5.0 Dodging
 - Level 9.1 Spellcasting
 - Level 3.0 Translocations


You had 17 spell levels left.
You knew the following spells:

 Your Spells              Type           Power      Damage    Failure   Level
a - Blink                 Tloc           26%        N/A       5%          2
b - Vhi's Electric Charg  Tloc/Air       18%        N/A       21%         3
c - Manifold Assault      Tloc           13%        N/A       34%         4
d - Yara's Violent Unrav  Hex/Tmut       2%         3d3       98%         5

Your spell library contained the following spells:

 Spells                   Type           Power      Damage    Failure   Level
 Lesser Beckoning         Tloc           26%        N/A       5%          2
 Teleport Other           Tloc           13%        N/A       11%         3
 Freeze                   Ice            32%        1d5       12%         1
 Sandblast                Erth           10%        2d5       12%         1
 Passwall                 Tmut/Erth      4%         N/A       19%         2
 Portal Projectile        Hex/Tloc       18%        N/A       21%         3
 Call Canine Familiar     Summ           5%         N/A       36%         3
 Frozen Ramparts          Ice            16%        1d3       36%         3
 Hailstorm                Conj/Ice       8%         3d4       36%         3
 Stone Arrow              Conj/Erth      10%        3d7       36%         3
 Ice Form                 Ice/Tmut       8%         N/A       77%         4
 Leda's Liquefaction      Hex/Erth       2%         N/A       77%         4
 Simulacrum               Ice/Necr       4%         N/A       100%        6
 Enfeeble                 Hex            2%         N/A       100%        7


Dungeon Overview and Level Annotations

Branches:
Dungeon (11/15)            Temple (1/1) D:7            Lair (5/5) D:9
 Shoals (0/4) Lair:3       Spider (0/4) Lair:3        Slime (0/5) Lair:5
  IceCv (visited)
    Orc: D:9-12

Altars:
Ashenzari
Cheibriados
Dithmenos
Elyvilon
Fedhas
Gozag
Hepliaklqana
Kikubaaqudgha
Makhleb
Nemelex Xobeh
Okawaru
Qazlal
Ru
Sif Muna
Trog
Uskayaw
Vehumet
Wu Jian
Xom
Yredelemnul
Zin
The Shining One

Shops:
D:1 *   D:4 ((:(   D:8 *   D:10 [

Annotations:
D:5 3 runed translucent doors, Leeroy's ghost, novice VSWr; MCDelver's ghost, novice OpFE; derval's ghost, novice OpSu
D:9 2 transporters, MCDelver's ghost, novice OpFE
D:10 3 runed translucent doors, MCDelver's ghost, journeyman OpFE; kae's ghost, journeyman GrEE


Innate Abilities, Weirdness & Mutations

You have razor-sharp teeth.
Your natural rate of healing is unusually fast.
When hurt, damage is shared between your health and your magic reserves.
Your bite disrupts and absorbs the magic of your enemies.
Potions cannot restore your health.


Message History

The death yak is severely wounded.
The death yak misses you.
You hit the death yak but do no damage. You bite the death yak.
You drain its power.
You feel invigorated.
The death yak is severely wounded.
The death yak completely misses you.
You hit the death yak but do no damage. Your bite misses the death yak.
The death yak is severely wounded.
The death yak gores you!
* * * LOW HITPOINT WARNING * * *
Your movement speed is average.
Your attack delay is about 0.7 (and cannot be improved with additional weapon skill).
Your damage rating with your +2 long sword of flaming is about 23 (Base 10 x 127% (Dex) x 165% (Skill) + 2 (Ench)).
Your base attributes are Str 15, Int 13, Dex 18.
You slash the death yak! You burn the death yak.
Your bite misses the death yak.
The death yak is almost dead.
You slash the death yak! You burn the death yak.
You kill the death yak!
The Council accepts your kill.
You slash the death yak! You burn the death yak.
The death yak is lightly wounded.
The death yak gores you!
* * * LOW HITPOINT WARNING * * *
You completely miss the death yak.
The death yak is lightly wounded.
You slice the death yak!! You burn the death yak!
You bite the death yak, but do no damage.
The death yak is severely wounded.
The death yak gores you!!
* * * LOW HITPOINT WARNING * * *
Blink to where?
Press: ? - help, Dir - move target
Okay, then.
Okay, then.
Okay, then.
Casting: Blink (safe; 5% risk of failure)
Confirm with . or Enter, or press ? or * to list all spells.
You blink.
The death yak gores you!!
You die...

###.........####....# #..#
.#.......P...###....# ##.#
.##.........#†.....#####.
##.................#.....
P
###................#.....
⌠
............PP............
.........>.P÷÷P.8.........
.............P............
##.#...#........@Y####.##.
#.##.#)##..P.##..#§# #.#
#. ...##...#.....##.# ...
.. .... ......... ... ..
.. .... .!....... .....
....$............
###..#.###....... #####
##.##.# ## ##


You could see a death yak.

Vanquished Creatures
  2 hydras
  2 catoblepae
  2 two-headed ogres
  A boulder beetle (Lair:5)
  5 death yaks (Lair:5)
  Sonja (Lair:5)
  Amaemon (Lair:2)
  A deep troll (Lair:2)
  Pikel (D:6)
  An ugly thing (IceCv)
  3 ice statues (IceCv)
  4 black mambas
  10 elephants
  A torpor snail (Lair:5)
  11 cane toads
  An orange demon (Lair:2)
  An anaconda simulacrum (IceCv)
  3 rime drakes
  Maggie (D:10)
  A freezing wraith (IceCv)
  5 komodo dragons
  3 polar bears
  Grinder (D:6)
  9 dream sheep
  11 blink frogs
  A shadow (D:9)
  A dire elephant simulacrum (IceCv)
  3 wyverns
  63 yaks
  A basilisk (Lair:2)
  2 steam dragons
  3 vampire mosquitoes (D:10)
  2 death yak simulacra (IceCv)
  An acid dragon (D:8)
  17 water moccasins
  A hydra simulacrum (IceCv)
  2 ice beasts
  A sky beast (D:6)
  4 orc warriors
  9 wolves
  2 phantoms
  A centaur (D:6)
  A lemure (D:6)
  3 kobold brigands
  16 bullfrogs
  3 scorpions
  3 wights (D:10)
  A cane toad simulacrum (IceCv)
  2 killer bees
  8 orc priests
  6 jellies
  3 hounds
  Ijyb (D:5)
  Natasha (thrice) (D:4)
  2 iguanas (D:6)
  11 orc wizards
  3 wolf simulacra (IceCv)
  9 adders
  A shadow imp (D:7)
  A white imp (D:7)
  2 worms
  2 dart slugs (D:4)
  42 orcs
  7 endoplasms
  3 giant cockroaches
  16 goblins
  12 hobgoblins
  8 jackals
  23 kobolds
  7 quokkas
  6 ball pythons
  5 bats
  2 frilled lizards
  5 rats
  2 bushes (Lair:2)
415 creatures vanquished.

Vanquished Creatures (others)
  A water moccasin (D:9)
  74 fungi
  85 plants
  11 withered plants
171 creatures vanquished.

Grand Total: 586 creatures vanquished

Notes
Turn   | Place    | Note
-------+----------+-------------------------------------------
     0 | D:1      | Leeroy the Vine Stalker Warper began the quest for the Orb.
     0 | D:1      | Reached XP level 1. HP: 11/11 MP: 4/4
   193 | D:1      | Reached skill level 2 in Long Blades
   234 | D:1      | Reached XP level 2. HP: 12/15 MP: 4/6
   275 | D:1      | Found Muweod's Assorted Antiques.
   705 | D:1      | Reached skill level 3 in Long Blades
   744 | D:1      | Reached XP level 3. HP: 16/18 MP: 5/7
  1443 | D:2      | Gained mutation: Your natural rate of healing is unusually
                  | fast. [Vine Stalker growth]
  1443 | D:2      | Reached XP level 4. HP: 23/23 MP: 8/8
  1968 | D:3      | Found a shimmering altar of Xom.
  2010 | D:3      | Found a stormy altar of Qazlal.
  2429 | D:3      | Found an ornate altar of the Wu Jian Council.
  2577 | D:3      | Became a worshipper of the Wu Jian Council
  2650 | D:4      | Reached XP level 5. HP: 25/26 MP: 9/9
  2651 | D:4      | Found Licracze's Antique Weapon Shop.
  2696 | D:4      | Bought a glowing falchion for 120 gold pieces
  2760 | D:4      | Found an iron altar of Okawaru.
  2897 | D:4      | Found Suuj's Weapon Boutique.
  2898 | D:4      | Noticed Natasha
  2908 | D:4      | Killed Natasha
  3035 | D:4      | Found Umeikk's Weapon Shoppe.
  3041 | D:4      | Found Yruososaxt's Book Boutique.
  3086 | D:4      | Learned a level 2 spell: Blink
  3090 | D:4      | Learned a level 3 spell: Vhi's Electric Charge
  3287 | D:5      | Entered Level 5 of the Dungeon
  3299 | D:5      | Found a radiant altar of Vehumet.
  3307 | D:5      | Reached XP level 6. HP: 30/30 MP: 10/10
  3322 | D:4      | Noticed Natasha
  3353 | D:4      | Killed Natasha
  3374 | D:4      | Noticed Natasha
  3383 | D:4      | Killed Natasha
  3464 | D:5      | Noticed Ijyb
  3480 | D:5      | Reached * piety under Wu Jian
  3488 | D:5      | Killed Ijyb
  3532 | D:5      | Reached skill level 5 in Dodging
  3728 | D:5      | Found a shadowy altar of Dithmenos.
  3984 | D:5      | Reached skill level 4 in Long Blades
  3984 | D:5      | Reached XP level 7. HP: 30/34 MP: 11/11
  4083 | D:5      | Reached skill level 5 in Long Blades
  4297 | D:5      | Found a sparkling altar of Nemelex Xobeh.
  4430 | D:5      | Found a runed translucent gate.
  4431 | D:5      | Found a runed translucent gate.
  4432 | D:5      | Found a runed translucent gate.
  4434 | D:5      | Noticed Leeroy's ghost (novice VSWr)
  4434 | D:5      | Noticed MCDelver's ghost (novice OpFE)
  4434 | D:5      | Noticed derval's ghost (novice OpSu)
  4539 | D:6      | Reached skill level 6 in Long Blades
  4539 | D:6      | Gained mutation: You have razor-sharp teeth. [Vine Stalker
                  | growth]
  4539 | D:6      | Reached XP level 8. HP: 34/38 MP: 12/12
  4559 | D:6      | Noticed Pikel
  4580 | D:6      | Paralysed by Pikel for 4 turns
  4592 | D:6      | Paralysed by Pikel for 5 turns
  4597 | D:6      | Killed Pikel
  4598 | D:6      | Reached skill level 7 in Long Blades
  4640 | D:6      | Reached skill level 8 in Long Blades
  4724 | D:6      | Noticed Grinder
  4731 | D:6      | Killed Grinder
  4931 | D:6      | Reached XP level 9. HP: 42/42 MP: 13/13
  4980 | D:6      | Reached skill level 9 in Long Blades
  5504 | D:7      | Reached skill level 10 in Long Blades
  5592 | D:7      | Reached ** piety under Wu Jian
  6231 | D:7      | Found a shimmering blue altar of Sif Muna.
  6319 | D:7      | Noticed a two-headed ogre
  6335 | D:7      | Killed a two-headed ogre
  6336 | D:7      | Reached skill level 11 in Long Blades
  6477 | D:7      | Found a staircase to the Ecumenical Temple.
  6787 | D:8      | Reached XP level 10. HP: 46/46 MP: 14/14
  6806 | D:8      | Reached skill level 12 in Long Blades
  6883 | D:8      | Learned a level 4 spell: Manifold Assault
  6937 | D:8      | Identified the +8 arbalest "Bocodegah" {speed, +Blink rF+
                  | Int-5 Dex+2}
  7005 | D:8      | Noticed a two-headed ogre
  7058 | D:8      | Killed a two-headed ogre
  7153 | D:8      | Found Gelev's General Store.
  7287 | D:9      | Found a transporter.
  7287 | D:9      | Found a transporter.
  7288 | D:9      | Noticed a two-headed ogre
  7288 | D:9      | Noticed MCDelver's ghost (novice OpFE)
  7288 | D:9      | Noticed a two-headed ogre
  7288 | D:9      | Identified the +2 great mace "Ciolour" {antimagic, rF+
                  | Str+3 Int-2}
  7288 | D:9      | Noticed a two-headed ogre
  7453 | D:9      | Reached skill level 13 in Long Blades
  7665 | D:9      | Found a staircase to the Lair.
  7763 | D:9      | Reached skill level 14 in Long Blades
  7763 | D:9      | Reached XP level 11. HP: 35/50 MP: 12/15
  7830 | D:9      | Noticed a two-headed ogre
  8121 | D:9      | Reached *** piety under Wu Jian
  8208 | D:9      | Found a bloodstained altar of Trog.
  8388 | D:10     | Entered Level 10 of the Dungeon
  8460 | D:10     | Found a runed translucent gate.
  8461 | D:10     | Found a runed translucent gate.
  8461 | D:10     | Found a runed translucent gate.
  8464 | D:10     | Noticed MCDelver's ghost (journeyman OpFE)
  8464 | D:10     | Noticed kae's ghost (journeyman GrEE)
  8544 | D:10     | Identified a scroll of acquirement
  8553 | D:10     | Acquired a manual of Fighting
  8561 | D:10     | Learned a level 5 spell: Yara's Violent Unravelling
  8622 | D:10     | Noticed Maggie
  8649 | Lair:1   | Entered Level 1 of the Lair of Beasts
  8964 | D:10     | Reached skill level 15 in Long Blades
  9049 | D:10     | Found Woedil's Antique Armour Emporium.
  9056 | D:10     | Bought a pair of embroidered gloves for 142 gold pieces
  9117 | D:10     | Killed Maggie
 10074 | D:11     | Noticed a cyan ugly thing
 10144 | D:10     | Reached skill level 5 in Fighting
 10285 | Temple   | Entered the Ecumenical Temple
 10733 | Lair:1   | Reached **** piety under Wu Jian
 10809 | Lair:1   | Reached XP level 12. HP: 67/67 MP: 16/16
 10836 | Lair:1   | Reached skill level 10 in Fighting
 11591 | Lair:2   | Noticed Amaemon
 11637 | Lair:2   | Found a frozen archway.
 11650 | IceCv    | Entered an ice cave
 12546 | Lair:2   | Reached skill level 5 in Spellcasting
 13450 | Lair:2   | Killed Amaemon
 13451 | Lair:2   | Reached XP level 13. HP: 74/77 MP: 23/25
 14050 | Lair:3   | Found a staircase to the Shoals.
 14180 | Lair:3   | Found a hole to the Spider Nest.
 14873 | Lair:4   | Reached ***** piety under Wu Jian
 15108 | Lair:5   | Entered Level 5 of the Lair of Beasts
 15436 | Lair:5   | Reached skill level 16 in Long Blades
 15605 | Lair:5   | Noticed a dire elephant
 15605 | Lair:5   | Noticed a dire elephant
 15810 | Lair:5   | Reached XP level 14. HP: 76/84 MP: 26/28
 15870 | Lair:5   | Noticed Sonja
 15875 | Lair:5   | Killed Sonja
 15930 | Lair:5   | Found a staircase to the Slime Pits.
 16008 | Lair:5   | Reached skill level 17 in Long Blades
 16036 | Lair:5   | Demolished by a death yak

Illustrated notes

Levels and vault maps discovered:
D:1:      dpeg_arrival_shelter, layout_loops_corners, serial_shops,
          nicolae_lakefront_shop
D:2:      layout_loops_ring
D:3:      layout_loops_ring, lemuel_tele_altar,
          mainiacjoe_overflow_concentric_impassable,
          mainiacjoe_overflow_boulevard
D:4:      layout_rooms, mainiacjoe_overflow_24_doors, serial_shops, shop,
          nicolae_shop_bloodbath_and_beyond, shop,
          nicolae_shop_competitors_out_of_business, minmay_checkerbox,
          uniq_natasha
D:5:      layout_loops_ring, mainiacjoe_overflow_alcove_2,
          grunt_dithmenos_smoke_and_mirrors,
          mainiacjoe_overflow_six_doors_small, gammafunk_ghost_cemetery,
          uniq_ijyb
D:6:      layout_cave_pods, minmay_misc_feat_secret_circle, uniq_pikel,
          uniq_grinder
D:7:      layout_layer_cave, kennysheep_orc_sif_temple,
          minmay_temple_entry_enclosed_plants
D:8:      layout_rooms, kennysheep_windowed_goal
D:9:      layout_basic, trog_book, due_lair_maze_entry_diamond,
          gammafunk_ghost_smash, lemuel_flamethrower_2
D:10:     layout_stronghold, serial_shops, shop, gammafunk_ghost_cemetery,
          uniq_maggie
D:11:     layout_basic, david_orc_4
Temple:   hellmonk_temple_forest_ring
Lair:1:   layout_misc_corridors
Lair:2:   dreamdust_cave_troll, layout_loops_ring, portal_ice_cave_rime,
          wad_woods_06, grunt_megastairs_2, infiniplex_staircase_pool_2,
          uniq_amaemon
Lair:3:   layout_roguey, elwin_shoals_entry_rocks, dummy_spider_entry
Lair:4:   layout_concentric_octagons, kennysheep_catoblepas_arena,
          lemuel_fruit_tree, infiniplex_staircase_pool
Lair:5:   due_jungle_book, layout_cellular_growth,
          nicolae_slime_entry_field_trip, eino_house_with_fridge,
          grunt_megastairs_5, uniq_sonja

Skill      XL: |  1  2  3  4  5  6  7  8  9 10 11 12 13 14 |
---------------+-------------------------------------------+-----
Long Blades    | 2 3 4 6 8 11 14 15 16 17 | 17.1
Dodging        | 2 3 4 5 |  5.0
Fighting       | 9 13 14 | 14.2
Spellcasting   | 7 9 |  9.1
Throwing       | |  0.8
Armour         | |  0.7
Translocations | |  3.0

Action                     |  1- 3 |  4- 6 |  7- 9 | 10-12 | 13-15 || total
---------------------------+-------+-------+-------+-------+-------++-------
  Melee: Falchion          |    48 |    99 |   224 |    71 |       ||   442
         Bite              |    26 |    65 |    73 |   260 |   184 ||   608
         Dagger            |    47 |   110 |       |    90 |       ||   247
         Punch             |     3 |     1 |       |     3 |     2 ||     9
         Great sword       |       |       |       |   428 |   270 ||   698
         Long sword        |       |       |       |   117 |   202 ||   319
   Fire: Arbalest          |       |       |       |     6 |       ||     6
  Throw: Dart              |       |       |     5 |     6 |     1 ||    12
   Cast: Vhi's Electric Ch |       |       |       |     6 |       ||     6
         Blink             |       |       |       |     1 |     2 ||     3
 Invoke: Serpent's Lash    |       |       |       |     5 |     4 ||     9
Ability: Lunge             |       |     7 |    17 |    26 |    20 ||    70
         Whirlwind         |       |       |     1 |    95 |    75 ||   171
         Wall Jump         |       |       |       |    15 |    14 ||    29
  Evoke: Wand              |       |       |     1 |     8 |     1 ||    10
    Use: Potion            |       |       |       |     1 |       ||     1
         Scroll            |       |       |       |    25 |       ||    25
   Stab: Sleeping          |     2 |     3 |       |     2 |     1 ||     8
         Paralysed         |       |       |     2 |       |       ||     2
         Distracted        |       |       |       |     2 |       ||     2
         Petrified         |       |       |       |       |     1 ||     1
 Armour: Leather armour    |    25 |    55 |    59 |    37 |       ||   176
         Steam dragon scal |       |       |       |   111 |    98 ||   209
  Dodge: Dodged            |    53 |   137 |    82 |   413 |   251 ||   936
  Block: Buckler           |       |       |    16 |     7 |       ||    23

Table legend: (Time is in decaauts)
 A = Elapsed time spent in this place.
 B = Non-inter-level travel time spent in this place.
 C = Inter-level travel time spent in this place.
 D = Time resting spent in this place.
 E = Time spent auto-exploring this place.
 F = Levels seen in this place.
 G = Mean time per level.
                   A        B        C        D        E       F      G
               +--------+--------+--------+--------+--------+-----+--------+
         Total |  15951 |  14827 |   1124 |   1741 |   9654 |  18 |  886.2 |
       Dungeon |  10182 |   9411 |    771 |    577 |   6786 |  11 |  925.6 |
        Temple |    163 |    146 |     17 |      0 |    136 |   1 |  163.0 |
          Lair |   4710 |   4374 |    336 |    568 |   2668 |   5 |  942.0 |
      Ice Cave |    894 |    894 |      0 |    595 |     63 |   1 |  894.0 |
               +--------+--------+--------+--------+--------+-----+--------+

Top non-repeatable levels by time:
    D:10: 1504 daAuts
  Lair:2: 1409 daAuts
     D:7: 1328 daAuts
     D:9: 1312 daAuts
     D:1: 1158 daAuts
  Lair:1: 1134 daAuts
  Lair:4: 975 daAuts
     D:5: 936 daAuts
     D:4: 915 daAuts
   IceCv: 894 daAuts
     D:6: 794 daAuts
     D:3: 770 daAuts
     D:8: 732 daAuts
     D:2: 709 daAuts
  Lair:5: 640 daAuts
